 Dungeon Crawl Stone Soup version 0.21.1-1-g345015f (webtiles) character file.

226 wilfster70 the Firebug (level 5, -4/35 HPs)
             Began as a Demonspawn Fire Elementalist on Feb 19, 2018.
             Was an Initiate of Yredelemnul.
             Slain by an ogre
             ... wielding a +0 giant spiked club
              (19 damage)
             ... on level 4 of the Dungeon.
             The game lasted 00:13:36 (4042 turns).

wilfster70 the Firebug (DsFE)                       Turns: 4042, Time: 00:13:37

Health: -4/35      AC:  3    Str:  8    XL:     5   Next: 69%
Magic:  4/8        EV: 12    Int: 17    God:    Yredelemnul [......]
Gold:   120        SH:  0    Dex: 16    Spells: 0/8 levels left

rFire    . . .     SeeInvis .   a - +0 whip (curse)
rCold    . . .     Gourm    .   (no shield)
rNeg     . . .     Faith    .   e - +0 robe
rPois    .         Spirit   .   (no helmet)
rElec    .         Reflect  .   (no cloak)
rCorr    .         Harm     .   (no gloves)
MR       .....                  h - +0 pair of boots
Stlth    ++........             (no amulet)
HPRegen  0.11/turn              (no ring)
MPRegen  0.11/turn              (no ring)

@: no status effects
A: thin skeletal structure 1
a: Renounce Religion


You were on level 4 of the Dungeon.
You worshipped Yredelemnul.
Yredelemnul was noncommittal.
You were near starving.

You visited 2 branches of the dungeon, and saw 5 of its levels.

You collected 120 gold pieces.

Inventory:

Hand Weapons
 a - a cursed +0 whip (weapon)
 b - a +0 hunting sling
Armour
 e - a +0 robe (worn)
 h - a +0 pair of boots (worn)
Wands
 r - a wand of polymorph (17)
Scrolls
 f - a scroll of fog {unknown}
 j - 2 scrolls of enchant weapon {unknown}
 m - a scroll of teleportation {unknown}
 o - a scroll of random uselessness {unknown}
 q - 3 scrolls of remove curse {unknown}
Potions
 d - a potion of brilliance {unknown}
 g - 3 potions of lignification
 i - a potion of curing
 k - a potion of flight
 n - a potion of magic
 p - 2 potions of degeneration {unknown}
Books
 l - a book of Flames

   Spells                             Type                      Level
   a - Flame Tongue                   Conjuration/Fire             1
   b - Throw Flame                    Conjuration/Fire             2
   c - Conjure Flame                  Conjuration/Fire             3
   d - Inner Flame                    Hexes/Fire                   3
   e - Sticky Flame                   Conjuration/Fire             4
   f - Fireball                       Conjuration/Fire             5
Comestibles
 c - 6 rations


   Skills:
 - Level 1.7 Dodging
 - Level 1.7 Stealth
 - Level 2.0 Spellcasting
 + Level 2.4 Conjurations
 * Level 5.4 Fire Magic


You couldn't memorise any spells.
You knew the following spells:

 Your Spells              Type           Power        Failure   Level  Hunger
a - Flame Tongue          Conj/Fire      ###..        3%          1    #......
c - Conjure Flame         Conj/Fire      ###.....     12%         3    ###....
d - Sticky Flame          Conj/Fire      ###.....     36%         4    #####..


Dungeon Overview and Level Annotations

Branches:
Dungeon (4/15)             Temple (1/1) D:4

Altars:
Ashenzari
Gozag
Hepliaklqana
Kikubaaqudgha
Makhleb
Okawaru
Qazlal
Ru
Sif Muna
Trog
Wu Jian
Xom
Yredelemnul
The Shining One

Annotations:
D:3 Frank's ghost, amateur OpFi


Innate Abilities, Weirdness & Mutations

You have a somewhat thin skeletal structure. (Dex +2, Stealth)


Message History

Casting: Flame Tongue
Confirm with . or Enter, or press ? or * to list all spells.
Aiming: Flame Tongue
Press: ? - help, Shift-Dir - straight line, f/p - ogre
Aim: an ogre, wielding a giant spiked club (severely wounded)
The flame tongue hits the ogre.
The ogre is almost dead.
The ogre hits you with a giant spiked club!!
Ouch! That really hurt!
Casting: Flame Tongue
Confirm with . or Enter, or press ? or * to list all spells.
Aiming: Flame Tongue
Press: ? - help, Shift-Dir - straight line, f/p - ogre
Aim: an ogre, wielding a giant spiked club (almost dead)
The flame tongue hits the ogre.
The ogre is almost dead.
The ogre hits you with a giant spiked club!!
Ouch! That really hurt!
You die...
Your body rises from the dead as a mindless zombie.

#....................#
#.##....##......##......#
#.##....##...#..##......#
#.##....#...######......#
######.##....#...######......#
#......##.........#..##.......
#......##............##......#
#<........................#..#
#......#####.@...##...........
#......#.....O.#.##..#.##.....
#......#.###..#####..#.##...>.
##.......###...#.##..#.##.....
#.......##......##..#.##.....
#.......#...........#.##.....
#.............#.......##.....
#.......#..####..#######.##.#
#..........####..# #.##.#


You could see an ogre.

Vanquished Creatures
  2 howler monkeys (D:4)
  An orc priest (D:4)
  Jessica (D:2)
  3 gnolls (D:2)
  An adder (D:3)
  2 dart slugs
  A leopard gecko (D:2)
  4 orcs (D:4)
  3 bats
  2 giant cockroaches
  6 goblins (D:1)
  4 hobgoblins
  7 jackals
  6 kobolds
  3 frilled lizards
  4 rats
50 creatures vanquished.

Notes
Turn   | Place    | Note
-------+----------+-------------------------------------------
     0 | D:1      | wilfster70 the Demonspawn Fire Elementalist began the quest for the Orb.
     0 | D:1      | Reached XP level 1. HP: 13/13 MP: 3/3
   372 | D:1      | Reached skill level 3 in Fire Magic
   599 | D:1      | Gained mutation: You have a somewhat thin skeletal structure. (Dex +2, Stealth) [demonic ancestry]
   599 | D:1      | Reached XP level 2. HP: 19/19 MP: 1/5
  1435 | D:2      | Noticed Jessica
  1441 | D:2      | Killed Jessica
  1441 | D:2      | Reached skill level 4 in Fire Magic
  1441 | D:2      | Reached XP level 3. HP: 24/24 MP: 3/6
  1446 | D:2      | Learned a level 3 spell: Conjure Flame
  1498 | D:2      | Found an opulent altar of Gozag.
  1888 | D:2      | Reached XP level 4. HP: 27/30 MP: 2/7
  2441 | D:3      | Found an ornate altar of the Wu Jian Council.
  2474 | D:3      | Noticed Frank's ghost (amateur OpFi)
  2863 | D:4      | Reached skill level 5 in Fire Magic
  2863 | D:4      | Reached XP level 5. HP: 14/35 MP: 0/8
  3216 | D:4      | Learned a level 4 spell: Sticky Flame
  3393 | D:4      | Found a staircase to the Ecumenical Temple.
  3398 | Temple   | Entered the Ecumenical Temple
  3580 | Temple   | Became a worshipper of Yredelemnul the Dark
  3977 | D:4      | Found a stormy altar of Qazlal.
  3978 | D:4      | Noticed a water elemental
  3980 | D:4      | Noticed a fire elemental
  3980 | D:4      | Noticed an air elemental
  4037 | D:4      | Noticed an ogre
  4042 | D:4      | Slain by an ogre

Skill      XL: |  1  2  3  4 |
---------------+-------------+-----
Fire Magic     | 3 4 5 |  5.4
Conjurations   | 2 |  2.4
Dodging        | |  1.7
Stealth        | |  1.7
Spellcasting   | |  2.0

Action                   |  1- 3 |  4- 6 || total
-------------------------+-------+-------++-------
Melee: Unarmed           |    21 |       ||    21
       Whip              |    23 |    18 ||    41
 Cast: Flame Tongue      |    49 |    51 ||   100
  Use: Scroll            |       |     4 ||     4
 Stab: Sleeping          |       |     1 ||     1
  Eat: Chunk             |     4 |     2 ||     6
       Ration            |       |     1 ||     1
Armor: Robe              |    23 |     6 ||    29
Dodge: Dodged            |    69 |    35 ||   104
